 Dungeon Crawl Stone Soup version 0.20.0-6-gd3061e9 (webtiles) character file.

99 MDvedh the Ruffian (level 4, -3/38 HPs)
             Began as a Naga Transmuter on May 28, 2017.
             Slain by a gnoll
             ... wielding a +0 whip
              (6 damage)
             ... on level 2 of the Dungeon.
             The game lasted 00:03:59 (1909 turns).

MDvedh the Ruffian (Naga Transmuter)                Turns: 1909, Time: 00:04:00

Health: -3/38      AC:  2    Str: 13    XL:     4   Next: 72%
Magic:  6/7        EV: 10    Int: 14    God:
Gold:   68         SH:  0    Dex: 11    Spells: 1/7 levels left

rFire    . . .     SeeInvis +     - Unarmed
rCold    . . .     Gourm    .   (no shield)
rNeg     . . .     Faith    .   b - +0 robe
rPois    +         Spirit   .   (no helmet)
rElec    .         Reflect  .   (no cloak)
rCorr    .         Harm     .   (no gloves)
MR       .....                  (no barding)
Stlth    +.........             (no amulet)
Regen    0.2/turn               (no ring)
MPRegen  0.1/turn               (no ring)

@: short of breath, appendage, very slow
A: horns 2, see invisible, deformed body, poison resistance, slowness 2, slow
metabolism 1, spit poison 1, AC +1
a: Spit Poison, End Transformation


You were on level 2 of the Dungeon.
You were near starving.
You had grown temporary horns.
You visited 1 branch of the dungeon, and saw 3 of its levels.

You collected 68 gold pieces.

Inventory:

Missiles
 a - 12 arrows
Armour
 b - a +0 robe (worn)
Wands
 f - a wand of enslavement (16/24)
Scrolls
 e - a scroll of teleportation {unknown}
 h - a scroll of enchant weapon {unknown}
 i - 2 scrolls of enchant armour {unknown}
 k - a scroll of amnesia {unknown}
Potions
 g - a potion of curing {unknown}
 j - a potion of ambrosia {unknown}
 l - a potion of mutation {unknown}
Books
 c - a book of Changes

   Spells                             Type                      Level
   a - Beastly Appendage              Transmutation                1
   b - Sticks to Snakes               Transmutation                2
   c - Spider Form                    Transmutation/Poison         3
   d - Ice Form                       Ice/Transmutation            4
   e - Blade Hands                    Transmutation                5
Comestibles
 d - a bread ration


   Skills:
 - Level 1.0 Fighting
 - Level 1.5 Dodging
 + Level 4.2 Unarmed Combat
 - Level 2.0 Spellcasting
 + Level 3.7 Transmutations


You had one spell level left.
You knew the following spells:

 Your Spells              Type           Power        Failure   Level  Hunger
a - Beastly Appendage     Tmut           ##....       5%          1    ##.....
b - Sticks to Snakes      Tmut           ##......     8%          2    ###....
c - Spider Form           Tmut/Pois      #.........   32%         3    ####...


Dungeon Overview and Level Annotations

Branches:
Dungeon (3/15)

Altars:
Hepliaklqana


Innate Abilities, Weirdness & Mutations

You cannot wear boots.
Your serpentine skin is tough. (AC +1)
You have supernaturally acute eyesight. (SInv)
Armour fits poorly on your strangely shaped body.
Your system is resistant to poisons. (rPois)
You cover ground very slowly.
You have a slow metabolism.
You can spit poison.
You have a pair of horns on your head.


Message History

You barely miss the gnoll. You headbutt the gnoll.
You kill the gnoll!
The gnoll hits you with a whip.
* * * LOW HITPOINT WARNING * * *
Unknown command.
Press: ? - help, Shift-Dir - straight line, f - gnoll
Aim: a gnoll, wielding a whip The splash of poison hits the gnoll.
The gnoll is poisoned.
The gnoll is moderately wounded.
You feel slightly more hungry. The gnoll hits you with a whip.
* * * LOW HITPOINT WARNING * * *
Unknown command.
The gnoll barely misses you.
You see here a flail.
Unknown command.
Unknown command.
You hit the gnoll.
The gnoll is severely wounded.
The gnoll hits you with a whip.
You die...

# ###+#.# #.# ###.....#######.#
.##.....#.......#
.##.....#.......#
..#.....#.......#################
#.#.....#......................(.
................##########.######
##.##.#.#####.#.##### #.#
##..#.#.........@...# #.#
###.#.#.#####.#g###.# #.#
...............># #.# #.#
####..#.#####[### #.# #.# #..#.#
#.# #.# #.# #..#.# #.# #.# #.#
#..#.# #.# #.# #.# #..#.# #.# #.#
#.# ##.#.#####.# #.# #.#


You could see a gnoll.

Vanquished Creatures
  A crimson imp (D:2)
  A gnoll (D:2)
  An adder (D:2)
  A shadow imp (D:2)
  An ooze (D:1)
  A worm (D:2)
  A leopard gecko (D:2)
  5 bats
  A giant cockroach (D:2)
  3 goblins (D:1)
  4 hobgoblins
  A ball python (D:1)
  5 frilled lizards (D:1)
  2 kobolds (D:1)
  5 rats (D:1)
33 creatures vanquished.

Notes
Turn   | Place    | Note
-------+----------+-------------------------------------------
     0 | D:1      | MDvedh the Naga Transmuter began the quest for the Orb.
     0 | D:1      | Reached XP level 1. HP: 18/18 MP: 3/3
   207 | D:1      | Reached XP level 2. HP: 25/25 MP: 5/5
   690 | D:1      | Reached XP level 3. HP: 26/31 MP: 6/6
  1380 | D:2      | Learned a level 2 spell: Sticks to Snakes
  1384 | D:2      | Learned a level 3 spell: Spider Form
  1459 | D:2      | Found a hazy altar of Hepliaklqana.
  1857 | D:2      | Reached skill level 4 in Unarmed Combat
  1857 | D:2      | Reached XP level 4. HP: 21/38 MP: 7/7
  1909 | D:2      | Slain by a gnoll

Skill      XL: |  1  2  3 |
---------------+----------+-----
Transmutations | 3 |  3.7
Unarmed Combat | 4 |  4.2
Fighting       | |  1.0
Dodging        | |  1.5
Spellcasting   | |  2.0

Action                   |  1- 3 |  4- 6 || total
-------------------------+-------+-------++-------
Melee: Unarmed           |   104 |     4 ||   108
       Headbutt          |     5 |     2 ||     7
 Cast: Beastly Appendage |    11 |     1 ||    12
 Abil: Spit Poison       |    21 |     1 ||    22
  Eat: Chunk             |     2 |       ||     2
Armor: Robe              |    17 |       ||    17
Dodge: Dodged            |    65 |     5 ||    70
